 Dungeon Crawl Stone Soup version 0.22-a0-247-gbddf880 (webtiles) character file.

76041 Calypsia the Thaumaturge (level 15, -6/117 HPs)
             Began as a Gnoll Warper on Feb 27, 2018.
             Was an Elder of Sif Muna.
             Killed from afar by a naga mage (19 damage)
             ... with an orb of energy
             ... on level 1 of the Snake Pit on Feb 28, 2018.
             The game lasted 01:21:34 (49072 turns).

Calypsia the Thaumaturge (Gnoll Warper)            Turns: 49072, Time: 01:21:35

Health: -6/117     AC: 17    Str: 27    XL:     15   Next: 52%
Magic:  30/30      EV: 18    Int: 22    God:    Sif Muna [****..]
Gold:   797        SH:  0    Dex: 14    Spells: 2/36 levels left

rFire    . . .     SeeInvis +   Z - +3 broad axe "Amygryick" {chop, Str+5}
rCold    . . .     Gourm    +   v - +0 shield
rNeg     . . .     Faith    .   M - +3 leather armour {rPois}
rPois    +         Spirit   .   k - +2 helmet
rElec    .         Reflect  .   Y - scarf {cloud immunity}
rCorr    .         Harm     .   m - +2 pair of gloves {Str+3}
MR       +....                  q - +2 pair of boots
Stlth    ++........             w - amulet of the gourmand
HPRegen  0.29/turn              A - +5 ring of strength
MPRegen  0.22/turn              a - ring of see invisible

@: confused, lethally poisoned (-6 -> -6), hasted (expiring), very quick
A: distributed training, fangs 1, strong nose
a: Divine Energy, Channel Magic, Forget Spell, Renounce Religion


You were on level 1 of the Snake Pit.
You worshipped Sif Muna.
Sif Muna was greatly pleased with you.
You were not hungry.

You visited 5 branches of the dungeon, and saw 25 of its levels.

You collected 2142 gold pieces.
You spent 1345 gold pieces at shops.

Inventory:

Hand Weapons
 x - a +4 broad axe of electrocution
 E - a +3 broad axe
 I - a +5 battleaxe of freezing
 Z - the +3 broad axe "Amygryick" (weapon) {chop, Str+5}
   (You bought it in a shop on level 2 of the Orcish Mines)

   It inflicts extra damage upon your enemies.
   It affects your strength (+5).
Missiles
 e - 2 tomahawks of dispersal (quivered)
Armour
 k - a +2 helmet (worn)
 m - a +2 pair of gloves of strength (worn)
 q - a +2 pair of boots (worn)
 u - a +0 cloak
 v - a +0 shield (worn)
 M - a +3 leather armour of poison resistance (worn)
 Y - a scarf of cloud immunity (worn)
Jewellery
 a - a ring of see invisible (right hand)
 w - an amulet of the gourmand (around neck)
 y - a +4 ring of strength
 A - a +5 ring of strength (left hand)
 G - an uncursed ring of fire
 O - an uncursed ring of poison resistance
 P - an uncursed ring of protection from cold
 U - an uncursed ring of ice
Wands
 b - a wand of iceblast (11)
 g - a wand of paralysis (3)
 h - a wand of flame (79)
 j - a wand of polymorph (10)
 s - a wand of clouds (3)
 S - a wand of enslavement (11)
Scrolls
 f - 6 scrolls of magic mapping
 i - 7 scrolls of remove curse
 p - 4 scrolls of teleportation
 r - a scroll of silence
 C - 3 scrolls of amnesia
 J - 4 scrolls of fog
 N - a scroll of summoning {unknown}
 Q - a scroll of acquirement {unknown}
 T - a scroll of vulnerability {unknown}
Potions
 l - a potion of mutation
 n - 5 potions of cancellation
 t - 5 potions of flight
 B - 12 potions of curing
 H - 5 potions of brilliance
 L - 2 potions of lignification
 V - a potion of resistance
Comestibles
 c - 31 rations


   Skills:
 + Level 10.9 Fighting
 + Level 10.0 Short Blades
 + Level 10.0 Long Blades
 + Level 10.9 Axes
 + Level 10.0 Maces & Flails
 + Level 10.0 Polearms
 + Level 10.0 Staves
 + Level 10.0 Slings
 + Level 10.0 Bows
 + Level 10.0 Crossbows
 + Level 10.3 Throwing
 + Level 10.3 Armour
 + Level 10.9 Dodging
 + Level 10.0 Stealth
 + Level 10.0 Shields
 + Level 10.0 Unarmed Combat
 + Level 11.0 Spellcasting
 + Level 8.4 Conjurations
 + Level 8.4 Hexes
 + Level 8.4 Charms
 + Level 8.4 Summonings
 + Level 8.4 Necromancy
 + Level 10.0 Translocations
 + Level 8.4 Transmutations
 + Level 8.4 Fire Magic
 + Level 8.4 Ice Magic
 + Level 8.4 Air Magic
 + Level 8.4 Earth Magic
 + Level 8.4 Poison Magic
 + Level 10.8 Invocations
 + Level 10.0 Evocations


You had 2 spell levels left.
You knew the following spells:

 Your Spells              Type           Power        Failure   Level  Hunger
a - Gell's Gravitas       Tloc           ######....   1%          3    None
b - Teleport Other        Tloc           ######..     1%          3    None
c - Passage of Golubria   Tloc           N/A          1%          4    #......
d - Airstrike             Air            #####.....   3%          4    #......
e - Lightning Bolt        Conj/Air       #####.....   10%         5    ####...
f - Shroud of Golubria    Chrm/Tloc      ######....   1%          2    None
g - Lesser Beckoning      Tloc           ######....   1%          3    None
h - Summon Lightning Spi  Summ/Air       #####...     3%          4    #......
i - Statue Form           Tmut/Erth      #####....    50%         6    ######.


Dungeon Overview and Level Annotations

Branches:
Dungeon (15/15)            Temple (1/1) D:5            Lair (6/6) D:9
 Shoals (0/4) Lair:4        Snake (1/4) Lair:4        Slime (0/5) Lair:5
    Orc (2/2) D:12            Elf (0/3) Orc:2        Vaults (0/5) D:14
 Depths: D:15

Altars:
Ashenzari
Cheibriados
Dithmenos
Elyvilon
Fedhas
Gozag
Hepliaklqana
Kikubaaqudgha
Makhleb
Nemelex Xobeh
Okawaru
Qazlal
Ru
Sif Muna
Trog
Uskayaw
Vehumet
Wu Jian
Xom
Yredelemnul
Zin
The Shining One
Lugonu

Shops:
D:12 %   D:13 *   D:14 ?   Orc:2 *=((   Snake:1 [

Annotations:
D:15 exclusion: ice statue
Lair:1 exclusion: oklob plant


Innate Abilities, Weirdness & Mutations

Your experience applies equally to all skills.
You have very sharp teeth.
Your uncanny sense of smell can sniff out nearby items.


Message History

You feel sick.
You feel sick.
You feel sick.
You feel sick.
You feel sick.
You feel sick.
You feel sick.
You feel sick.
You feel sick. Sif Muna will no longer gift you books.
You feel sick.
A naga mage comes into view.
Your extra speed is starting to run out.
Okay, then.
You are confused.
You feel invigorated.
You feel sick.
The naga mage shouts!
The naga mage casts a spell at you. The orb of energy hits you!
You die...

..## ...# ...## ....### #####
....... ####.N.#### ......#
#..#......######.). #######
###..#......#<....... ....#
##.#..#....).......... ....#
#.......@>...#........ ...##
##..#######.###....##.# ...#
#.........### .....# .
..##...###..###### .##### ###
.... #.##....### .#...#
..###... #.........####...##
....#.. ##.................#
....#.. #............#.....##
....#.###...........####.#..#


You could see a naga mage.

Vanquished Creatures
  Frances (Snake:1)
  5 hydras
  The ghost of Salasann the Basher, a journeyman TeSu of Okawaru (Lair:2)
  6 catoblepae
  2 anacondas
  2 centaur warriors
  A two-headed ogre (D:14)
  A death knight (D:15)
  8 death yaks
  4 orc high priests
  Sonja (Lair:3)
  2 unseen horrors
  A deep elf archer (D:14)
  A wizard (D:15)
  A glowing orange brain (D:14)
  4 orc knights
  A naga ritualist (Snake:1)
  The ghost of TooMuchDogx the Skirmisher, a novice DsFi (D:6)
  8 ugly things
  A deep elf mage (D:13)
  4 orc sorcerers
  5 manticores
  4 cyclopes
  A moth of wrath (shapeshifter) (D:14)
  Joseph (D:8)
  Maurice (D:8)
  7 black mambas
  A centaur skeleton (D:12)
  10 spiny frogs
  3 komodo dragons
  A gargoyle (D:15)
  2 ice devils (D:13)
  An efreet (D:14)
  A tengu conjurer (D:14)
  5 trolls
  2 hornets
  4 polar bears
  12 blink frogs
  3 dream sheep (Lair:6)
  11 hippogriffs
  A centaur simulacrum (D:13)
  2 water elementals
  3 shadows
  3 wraiths
  A wyvern (D:14)
  A hungry ghost (D:12)
  A human (D:8)
  41 yaks
  4 hogs (D:8)
  2 basilisks
  4 nagas
  2 wargs
  An acid dragon (D:10)
  8 porcupines
  3 sky beasts
  8 water moccasins
  17 orc warriors
  2 hornet zombies
  A phantom (D:8)
  9 ice beasts
  9 wolves
  14 ogres
  11 centaurs
  10 crocodiles
  A big kobold (shapeshifter) (D:12)
  A big kobold (D:13)
  12 bullfrogs
  A water moccasin zombie (D:5)
  A wyvern zombie (D:11)
  8 jellies
  A wyvern skeleton (D:8)
  2 scorpions
  22 killer bees
  7 wights (D:11)
  2 electric eels
  5 crimson imps
  2 centaur zombies
  A bullfrog zombie (D:10)
  17 orc priests
  5 hounds
  3 bullfrog skeletons
  Crazy Yiuf (D:6)
  3 iguanas
  25 orc wizards
  9 worker ants
  A bullfrog simulacrum (D:13)
  3 hound zombies
  3 hound skeletons
  2 worker ant zombies
  A howler monkey skeleton (D:10)
  11 adders
  5 gnolls (D:13)
  3 shadow imps
  2 white imps
  3 oozes
  4 worms (D:3)
  3 dart slugs (D:1)
  10 leopard geckos
  71 orcs
  5 bats
  4 giant cockroaches
  9 goblins
  5 hobgoblins
  8 jackals
  5 quokkas
  A ball python skeleton (D:6)
  7 frilled lizards
  A goblin skeleton (D:5)
  4 hobgoblin zombies (D:5)
  2 jackal skeletons
  16 kobolds
  2 kobold skeletons (D:5)
  2 kobold zombies (D:5)
  An orc zombie (D:5)
  A quokka zombie (D:6)
  11 rats
  A fungus (Lair:1)
625 creatures vanquished.

Vanquished Creatures (collateral kills)
  A sphinx (D:14)
  The ghost of grandjackal the Prestidigitator, a journeyman TeAr of Ashenzari (Lair:6)
  A vault guard (D:14)
  A tengu warrior (D:14)
  An orc sorcerer (Orc:2)
  An orc knight (Orc:1)
  An ugly thing (D:14)
  A spiny frog (Lair:6)
  2 hippogriffs (Lair:6)
  4 dream sheep (Lair:6)
  A yak (Lair:6)
  2 crocodiles
  A gnoll sergeant (D:13)
18 creatures vanquished.

Vanquished Creatures (others)
  An orc priest (Orc:2)
  8 fungi
  17 plants
26 creatures vanquished.

Grand Total: 669 creatures vanquished

Notes
Turn   | Place    | Note
-------+----------+-------------------------------------------
     0 | D:1      | Calypsia the Gnoll Warper began the quest for the Orb.
     0 | D:1      | Reached XP level 1. HP: 20/20 MP: 6/6
   173 | D:1      | Reached XP level 2. HP: 26/26 MP: 7/7
   762 | D:1      | Reached XP level 3. HP: 31/31 MP: 9/9
   778 | D:1      | Learned a level 3 spell: Gell's Gravitas
   782 | D:1      | Learned a level 3 spell: Teleport Other
   877 | D:1      | Reached skill level 5 in Spellcasting
  1193 | D:2      | Found a faded altar of an unknown god.
  1334 | D:2      | Reached skill level 1 in Invocations
  1517 | D:2      | Reached skill level 1 in Short Blades
  1517 | D:2      | Reached skill level 1 in Long Blades
  1517 | D:2      | Reached skill level 1 in Maces & Flails
  1517 | D:2      | Reached skill level 1 in Polearms
  1517 | D:2      | Reached skill level 1 in Staves
  1517 | D:2      | Reached skill level 1 in Slings
  1517 | D:2      | Reached skill level 1 in Bows
  1517 | D:2      | Reached skill level 1 in Crossbows
  1517 | D:2      | Reached skill level 1 in Stealth
  1517 | D:2      | Reached skill level 1 in Shields
  1517 | D:2      | Reached skill level 1 in Unarmed Combat
  1517 | D:2      | Reached skill level 1 in Evocations
  1589 | D:2      | Reached XP level 4. HP: 34/38 MP: 11/11
  1955 | D:2      | Found a bloodstained altar of Trog.
  2063 | D:2      | Found an iron altar of Okawaru.
  2467 | D:3      | Reached skill level 1 in Conjurations
  2467 | D:3      | Reached skill level 1 in Hexes
  2467 | D:3      | Reached skill level 1 in Charms
  2467 | D:3      | Reached skill level 1 in Summonings
  2467 | D:3      | Reached skill level 1 in Necromancy
  2467 | D:3      | Reached skill level 1 in Transmutations
  2467 | D:3      | Reached skill level 1 in Fire Magic
  2467 | D:3      | Reached skill level 1 in Ice Magic
  2467 | D:3      | Reached skill level 1 in Air Magic
  2467 | D:3      | Reached skill level 1 in Earth Magic
  2467 | D:3      | Reached skill level 1 in Poison Magic
  2728 | D:3      | Reached XP level 5. HP: 30/43 MP: 12/12
  3433 | D:3      | Found a shattered altar of Ashenzari.
  3460 | D:3      | Found an ornate altar of the Wu Jian Council.
  3461 | D:3      | Found a radiant altar of Vehumet.
  3793 | D:3      | Found a sparkling altar of Nemelex Xobeh.
  3895 | D:3      | Reached XP level 6. HP: 45/50 MP: 13/13
  4159 | D:3      | Learned a level 4 spell: Passage of Golubria
  4420 | D:4      | Reached skill level 5 in Fighting
  4420 | D:4      | Reached skill level 5 in Axes
  4420 | D:4      | Reached skill level 5 in Dodging
  4610 | D:4      | Found a glowing silver altar of Zin.
  4611 | D:4      | Found a basalt altar of Yredelemnul.
  4685 | D:5      | Entered Level 5 of the Dungeon
  4869 | D:5      | Found a stormy altar of Qazlal.
  4901 | D:5      | Reached XP level 7. HP: 36/56 MP: 11/15
  4945 | D:5      | Found a hide-covered altar of Uskayaw.
  5277 | D:5      | Found an ancient bone altar of Kikubaaqudgha.
  5343 | D:5      | Found a staircase to the Ecumenical Temple.
  5353 | Temple   | Entered the Ecumenical Temple
  5373 | Temple   | Became a worshipper of Sif Muna the Loreminder
  5465 | D:5      | Found a glowing golden altar of the Shining One.
  5798 | D:6      | Reached XP level 8. HP: 63/63 MP: 11/16
  5865 | D:6      | Found a blossoming altar of Fedhas.
  6245 | D:6      | Found a runed door.
  6276 | D:6      | Reached skill level 6 in Spellcasting
  6300 | D:6      | Found a radiant altar of Vehumet.
  6399 | D:6      | HP: 2/64 [sky beast (6)]
  6867 | D:6      | Noticed TooMuchDogx's ghost (novice DsFi)
  6878 | D:6      | Killed TooMuchDogx's ghost
  6878 | D:6      | Reached * piety under Sif Muna
  6878 | D:6      | Reached XP level 9. HP: 69/69 MP: 18/18
  7218 | D:6      | Noticed Crazy Yiuf
  7223 | D:6      | Killed Crazy Yiuf
  7452 | D:7      | Found a hazy altar of Hepliaklqana.
  7779 | D:7      | Reached skill level 5 in Throwing
  7779 | D:7      | Reached skill level 5 in Armour
  8549 | D:8      | Noticed Joseph
  9419 | D:8      | Killed Joseph
  9419 | D:8      | Reached skill level 5 in Invocations
  9915 | D:8      | Reached skill level 7 in Spellcasting
  9915 | D:8      | Reached XP level 10. HP: 54/77 MP: 20/20
 10654 | D:8      | Found a sacrificial altar of Ru.
 10660 | D:8      | Found a shadowy altar of Dithmenos.
 10675 | D:8      | Reached skill level 5 in Short Blades
 10675 | D:8      | Reached skill level 5 in Long Blades
 10675 | D:8      | Reached skill level 5 in Maces & Flails
 10675 | D:8      | Reached skill level 5 in Polearms
 10675 | D:8      | Reached skill level 5 in Staves
 10675 | D:8      | Reached skill level 5 in Slings
 10675 | D:8      | Reached skill level 5 in Bows
 10675 | D:8      | Reached skill level 5 in Crossbows
 10675 | D:8      | Reached skill level 5 in Stealth
 10675 | D:8      | Reached skill level 5 in Shields
 10675 | D:8      | Reached skill level 5 in Unarmed Combat
 10675 | D:8      | Reached skill level 5 in Evocations
 10984 | D:8      | Noticed Maurice
 11193 | D:8      | Killed Maurice
 11193 | D:8      | Reached ** piety under Sif Muna
 12009 | D:9      | Found a sparkling altar of Nemelex Xobeh.
 12433 | D:9      | Noticed a two-headed ogre
 12657 | D:9      | Found a staircase to the Lair.
 13309 | D:9      | Learned a level 4 spell: Airstrike
 13341 | D:10     | Entered Level 10 of the Dungeon
 14184 | D:10     | Found a deep blue altar of Sif Muna.
 14209 | D:10     | Killed an unseen horror
 14209 | D:10     | Reached XP level 11. HP: 57/84 MP: 18/22
 15152 | D:10     | Found a hazy altar of Hepliaklqana.
 15521 | D:10     | Learned a level 5 spell: Lightning Bolt
 15990 | D:11     | Reached skill level 5 in Conjurations
 15990 | D:11     | Reached skill level 5 in Hexes
 15990 | D:11     | Reached skill level 5 in Charms
 15990 | D:11     | Reached skill level 5 in Summonings
 15990 | D:11     | Reached skill level 5 in Necromancy
 15990 | D:11     | Reached skill level 5 in Transmutations
 15990 | D:11     | Reached skill level 5 in Fire Magic
 15990 | D:11     | Reached skill level 5 in Ice Magic
 15990 | D:11     | Reached skill level 5 in Air Magic
 15990 | D:11     | Reached skill level 5 in Earth Magic
 15990 | D:11     | Reached skill level 5 in Poison Magic
 16489 | D:11     | Reached skill level 8 in Spellcasting
 17196 | D:11     | Reached *** piety under Sif Muna
 17533 | D:11     | Noticed a cyclops
 17549 | D:11     | Killed a cyclops
 18464 | D:12     | Found a staircase to the Orcish Mines.
 18581 | D:12     | Noticed a cyclops
 18920 | D:12     | Noticed a manticore
 18928 | D:12     | Killed a manticore
 19277 | D:12     | Found Yshroced's Food Shoppe.
 19306 | D:12     | Killed a cyclops
 19401 | D:12     | Noticed a manticore
 19412 | D:12     | Killed a manticore
 19412 | D:12     | Reached XP level 12. HP: 60/93 MP: 24/24
 20287 | D:12     | Learned a level 2 spell: Shroud of Golubria
 20330 | D:13     | Noticed a six-headed hydra
 20727 | D:12     | Killed a 12-headed hydra
 22100 | D:13     | Noticed a centaur warrior
 22112 | D:13     | Killed a centaur warrior
 22370 | D:13     | Reached **** piety under Sif Muna
 23095 | Lair:1   | Entered Level 1 of the Lair of Beasts
 23414 | Lair:1   | Noticed an eight-headed hydra
 23424 | Lair:1   | Killed an 11-headed hydra
 23424 | Lair:1   | Reached skill level 9 in Spellcasting
 24324 | Lair:2   | Noticed a catoblepas
 24351 | Lair:2   | Killed a catoblepas
 24777 | Lair:2   | Noticed Salasann's ghost (journeyman TeSu)
 24786 | Lair:2   | Killed Salasann's ghost
 24910 | Lair:2   | Reached XP level 13. HP: 82/101 MP: 26/26
 26070 | Lair:3   | Noticed Sonja
 27879 | Lair:3   | Learned a level 3 spell: Lesser Beckoning
 27918 | Lair:3   | Killed Sonja
 27918 | Lair:3   | Reached ***** piety under Sif Muna
 27918 | Lair:3   | Received a gift from Sif Muna
 28875 | Lair:4   | Found a staircase to the Shoals.
 30374 | Lair:4   | Found a staircase to the Snake Pit.
 31194 | Lair:5   | Found a staircase to the Slime Pits.
 31263 | Lair:5   | Learned a level 4 spell: Summon Lightning Spire
 32322 | Lair:6   | Entered Level 6 of the Lair of Beasts
 32980 | Lair:6   | Reached skill level 10 in Spellcasting
 32981 | Lair:6   | Noticed grandjackal's ghost (journeyman TeAr)
 33160 | Lair:6   | Killed grandjackal's ghost
 33160 | Lair:6   | Reached XP level 14. HP: 109/109 MP: 4/28
 34809 | Lair:6   | Reached skill level 10 in Fighting
 34809 | Lair:6   | Reached skill level 10 in Axes
 34809 | Lair:6   | Reached skill level 10 in Dodging
 37878 | Orc:1    | Entered Level 1 of the Orcish Mines
 38128 | Orc:2    | Entered Level 2 of the Orcish Mines
 38512 | Orc:2    | Reached skill level 10 in Invocations
 40450 | Orc:2    | Found a staircase to the Elven Halls.
 40504 | Orc:2    | Found Cagistrue's Antique Weapon Shoppe.
 42844 | Orc:2    | Found Xeisaso's Jewellery Boutique.
 42862 | Orc:2    | Found Koffag's General Store.
 42865 | Orc:2    | Found Poal's Antique Weapon Shoppe.
 42916 | Orc:2    | Bought a crude broad axe for 216 gold pieces
 42918 | Orc:2    | Bought an uncursed ring of see invisible for 195 gold pieces
 42950 | Orc:2    | Identified the +3 broad axe "Amygryick" {chop, Str+5} (You bought it in a shop on level 2 of the Orcish Mines)
 43149 | D:13     | Found Miuprez's Assorted Antiques.
 43157 | D:13     | Bought a potion of heal wounds for 170 gold pieces
 43157 | D:13     | Bought a scroll of blinking for 255 gold pieces
 44788 | D:14     | Reached XP level 15. HP: 78/117 MP: 29/29
 45635 | D:14     | Reached skill level 10 in Throwing
 45635 | D:14     | Reached skill level 10 in Armour
 45665 | D:14     | Noticed a sphinx
 45671 | D:14     | Killed a sphinx
 45766 | D:14     | Identified Sif Muna's Catalogue of the Ashen Arsonist (Sif Muna gifted it to you on level 14 of the Dungeon)
 45766 | D:14     | Received a gift from Sif Muna
 45921 | D:14     | Learned a level 6 spell: Statue Form
 46048 | D:14     | Found a gate to the Vaults.
 46246 | D:14     | Found Jenus's Magic Scroll Shoppe.
 46249 | D:14     | Bought 3 scrolls of identify for 90 gold pieces
 46249 | D:14     | Bought a scroll of enchant weapon for 112 gold pieces
 46446 | D:14     | Found an opulent altar of Gozag.
 46736 | D:15     | Entered Level 15 of the Dungeon
 47938 | Snake:1  | Entered Level 1 of the Snake Pit
 47956 | Lair:4   | Reached skill level 11 in Spellcasting
 48272 | Snake:1  | Reached skill level 10 in Translocations
 48415 | Snake:1  | Found Xodgharagg's Antique Armour Shoppe.
 48584 | Snake:1  | Bought a runed helmet for 307 gold pieces
 48672 | Snake:1  | Noticed Frances
 48681 | Snake:1  | Killed Frances
 48926 | Snake:1  | Reached skill level 10 in Short Blades
 48926 | Snake:1  | Reached skill level 10 in Long Blades
 48926 | Snake:1  | Reached skill level 10 in Maces & Flails
 48926 | Snake:1  | Reached skill level 10 in Polearms
 48926 | Snake:1  | Reached skill level 10 in Staves
 48926 | Snake:1  | Reached skill level 10 in Slings
 48926 | Snake:1  | Reached skill level 10 in Bows
 48926 | Snake:1  | Reached skill level 10 in Crossbows
 48926 | Snake:1  | Reached skill level 10 in Stealth
 48926 | Snake:1  | Reached skill level 10 in Shields
 48926 | Snake:1  | Reached skill level 10 in Unarmed Combat
 48926 | Snake:1  | Reached skill level 10 in Evocations
 49072 | Snake:1  | Killed from afar by a naga mage

Vault maps used:
D:1:      dpeg_arrival_chambers_temple_mockup, serial_bayou_lagoon_a
D:2:      bloody_trog, okawaru_ov_weapons_minmay,
          chequers_ecumenical_altar_island
D:3:      nemelex_altar_shiori, nicolae_overflow_hidden_temple,
          gammafunk_temple_overflow_pools
D:4:      gammafunk_temple_overflow_statue, grunt_decor_one_mirror
D:5:      nicolae_overflow_crystal_walls, grunt_qazlal_sundering,
          eat_drink_and_be_merry_uskayaw, nicolae_tso_besieged_by_evil,
          minmay_temple_entry_statues_fountains, first_ration
D:6:      overflow_temple_1_default, vehumet_altar_wand_db,
          uniq_crazy_yiuf_cottage
D:7:      kennysheep_little_box, roderic_roman_lattice
D:8:      nicolae_ru_path_of_blood, grunt_dithmenos_smoke,
          minmay_misc_feat_pillars, grunt_livestock, uniq_maurice, uniq_joseph
D:9:      david_lair_shrubbed, nemelex_lonely_heart_becter
D:10:     wad_floor_pattern_2, minivault_22, hangedman_feature_mirror
D:12:     orc_0_dummy, serial_shops, shop
D:13:     cheibrodos_elevator_heist, portal_ice_cave_demonic_guard, serial_ice,
          serial_ice_j, serial_ice_a, serial_ice_n, serial_ice_e, serial_ice_g,
          serial_ice_m, serial_shops, nicolae_shop_stone
D:14:     david_vaults_5, serial_shops, shop, nicolae_two_hexagons, basic_altar,
          library_closet
D:15:     grunt_enter_depths_hoard, hangedman_abyss_or_decor_stabs,
          minivault_16, spider_trap
Temple:   corrupted_temple
Lair:1:   minmay_lair_oklob_chamber, grunt_megastairs_5
Lair:3:   infiniplex_staircase_pool_2, uniq_sonja
Lair:4:   minmay_shoals_entry_beasts, minmay_snake_entry_guardpost_large,
          eino_small_chamber_without_monster, lookout_lair_type,
          guppyfry_lair_drakes
Lair:5:   dpeg_slime_entry_corner
Lair:6:   evilmike_catoblepas_cave, lemuel_old_faithful
Snake:1:  serial_shops, nicolae_shop_crystal, shop, nicolae_shop_stone, shop,
          shop, uniq_frances, uniq_aizul
Orc:1:    minmay_orc_barracks
Orc:2:    st_orc_elflike, nicolae_orc_sculptors_studio

Skill      XL: |  1  2  3  4  5  6  7  8  9 10 11 12 13 14 15 |
---------------+----------------------------------------------+-----
Spellcasting   | 5 6 7 8 9 10 11 | 11.0
Invocations    | 1 2 3 4 5 6 7 8 9 10 | 10.8
Short Blades   | 1 2 3 4 5 6 7 8 9 10 | 10.0
Long Blades    | 1 2 3 4 5 6 7 8 9 10 | 10.0
Maces & Flails | 1 2 3 4 5 6 7 8 9 10 | 10.0
Polearms       | 1 2 3 4 5 6 7 8 9 10 | 10.0
Staves         | 1 2 3 4 5 6 7 8 9 10 | 10.0
Slings         | 1 2 3 4 5 6 7 8 9 10 | 10.0
Bows           | 1 2 3 4 5 6 7 8 9 10 | 10.0
Crossbows      | 1 2 3 4 5 6 7 8 9 10 | 10.0
Stealth        | 1 2 3 4 5 6 7 8 9 10 | 10.0
Shields        | 1 2 3 4 5 6 7 8 9 10 | 10.0
Unarmed Combat | 1 2 3 4 5 6 7 8 9 10 | 10.0
Evocations     | 1 2 3 4 5 6 7 8 9 10 | 10.0
Conjurations   | 1 2 3 4 5 6 7 8 |  8.4
Hexes          | 1 2 3 4 5 6 7 8 |  8.4
Charms         | 1 2 3 4 5 6 7 8 |  8.4
Summonings     | 1 2 3 4 5 6 7 8 |  8.4
Necromancy     | 1 2 3 4 5 6 7 8 |  8.4
Transmutations | 1 2 3 4 5 6 7 8 |  8.4
Fire Magic     | 1 2 3 4 5 6 7 8 |  8.4
Ice Magic      | 1 2 3 4 5 6 7 8 |  8.4
Air Magic      | 1 2 3 4 5 6 7 8 |  8.4
Earth Magic    | 1 2 3 4 5 6 7 8 |  8.4
Poison Magic   | 1 2 3 4 5 6 7 8 |  8.4
Throwing       | 3 4 5 6 7 8 9 10 | 10.3
Armour         | 3 4 5 6 7 8 9 10 | 10.3
Fighting       | 5 6 7 8 9 10 | 10.9
Axes           | 5 6 7 8 9 10 | 10.9
Dodging        | 5 6 7 8 9 10 | 10.9
Translocations | 6 7 8 9 10 | 10.0

Action                   |  1- 3 |  4- 6 |  7- 9 | 10-12 | 13-15 || total
-------------------------+-------+-------+-------+-------+-------++-------
Melee: Hand axe          |   126 |   145 |   287 |   432 |       ||   990
       Bite              |     7 |    13 |    28 |    83 |    94 ||   225
       Whip              |       |    72 |       |       |       ||    72
       Punch             |       |       |     6 |    10 |       ||    16
       Battleaxe         |       |       |       |   343 |   538 ||   881
       Broad axe         |       |       |       |       |   237 ||   237
 Cast: Teleport Other    |       |     2 |       |     2 |       ||     4
       Passage of Golubr |       |     5 |    10 |     5 |    10 ||    30
       Airstrike         |       |       |       |    16 |    46 ||    62
       Gell's Gravitas   |       |       |       |     7 |    20 ||    27
       Lightning Bolt    |       |       |       |     4 |    80 ||    84
       Lesser Beckoning  |       |       |       |       |    10 ||    10
       Summon Lightning  |       |       |       |       |    38 ||    38
       Shroud of Golubri |       |       |       |       |     1 ||     1
       Statue Form       |       |       |       |       |     1 ||     1
Invok: Channel Magic     |       |       |       |       |     1 ||     1
Evoke: Wand              |       |       |     5 |    16 |     7 ||    28
  Use: Scroll            |       |     1 |     7 |    12 |    21 ||    41
       Potion            |       |       |     4 |     3 |     8 ||    15
 Stab: Sleeping          |       |     5 |     4 |    20 |     8 ||    37
       Distracted        |       |       |     2 |     1 |     9 ||    12
       Paralysed         |       |       |       |     7 |       ||     7
       Petrified         |       |       |       |     2 |     2 ||     4
  Eat: Chunk             |     2 |    12 |     9 |    61 |    92 ||   176
       Ration            |       |       |     3 |       |       ||     3
Armor: Leather armour    |    17 |    43 |    81 |   310 |   245 ||   696
       Skin              |       |       |     3 |       |       ||     3
Dodge: Dodged            |    89 |   138 |   188 |   691 |   760 ||  1866
Block: Shield            |       |       |       |       |   133 ||   133

Table legend:
 A = Spawn XP
 B = Non-spawn XP
 C = Spawn XP percentage of total XP
 D = Spawn monster count
 E = Non-spawn monster count
 F = Spawn count percentage of total count
 G = Total turns spent on level
                    A         B        C        D         E        F      G
               +---------+---------+-------+---------+---------+-------+---------
         Total |       0 |  108631 |   0.0 |       0 |     643 |   0.0 | 49072
               +---------+---------+-------+---------+---------+-------+---------
           D:1 |       0 |      41 |   0.0 |       0 |      23 |   0.0 |  1170
           D:2 |       0 |      78 |   0.0 |       0 |      20 |   0.0 |  1281
           D:3 |       0 |     258 |   0.0 |       0 |      36 |   0.0 |  1897
           D:4 |       0 |     130 |   0.0 |       0 |      15 |   0.0 |   337
           D:5 |       0 |     641 |   0.0 |       0 |      25 |   0.0 |  1044
           D:6 |       0 |    1608 |   0.0 |       0 |      22 |   0.0 |  1490
           D:7 |       0 |    1206 |   0.0 |       0 |      23 |   0.0 |  2174
           D:8 |       0 |    2481 |   0.0 |       0 |      20 |   0.0 |  2292
           D:9 |       0 |    1358 |   0.0 |       0 |      19 |   0.0 |  1732
          D:10 |       0 |    2481 |   0.0 |       0 |      24 |   0.0 |  2241
          D:11 |       0 |    4575 |   0.0 |       0 |      37 |   0.0 |  3269
          D:12 |       0 |    5956 |   0.0 |       0 |      50 |   0.0 |  2634
          D:13 |       0 |    5670 |   0.0 |       0 |      36 |   0.0 |  3146
          D:14 |       0 |   12820 |   0.0 |       0 |      34 |   0.0 |  2667
          D:15 |       0 |    4175 |   0.0 |       0 |       9 |   0.0 |   587
        Lair:1 |       0 |    3905 |   0.0 |       0 |      13 |   0.0 |  1207
        Lair:2 |       0 |    9352 |   0.0 |       0 |      39 |   0.0 |  3367
        Lair:3 |       0 |    3311 |   0.0 |       0 |      12 |   0.0 |  1422
        Lair:4 |       0 |    7802 |   0.0 |       0 |      25 |   0.0 |  2373
        Lair:5 |       0 |    8294 |   0.0 |       0 |      22 |   0.0 |  3961
        Lair:6 |       0 |   14593 |   0.0 |       0 |      42 |   0.0 |  2751
       Snake:1 |       0 |    4845 |   0.0 |       0 |       6 |   0.0 |   816
         Orc:1 |       0 |    3962 |   0.0 |       0 |      42 |   0.0 |  2287
         Orc:2 |       0 |    9089 |   0.0 |       0 |      49 |   0.0 |  2889
               +---------+---------+-------+---------+---------+-------+---------
